 Dungeon Crawl Stone Soup version 0.31-a0-187-gba352fbbf7 (webtiles) character file.

Game seed: 12803966790325950907

42 qw the Shooter (level 3, -5/20 HPs)
             Began as a Deep Elf Hunter on June 22, 2023.
             Slain by Terence
             ... wielding a +4 mace of protection
              (9 damage)
             ... on level 2 of the Dungeon.
             The game lasted 00:00:26 (1289 turns).

qw the Shooter (Deep Elf Hunter)                    Turns: 1289, Time: 00:00:27

Health: -5/20      AC:  6    Str: 14    XL:     3   Next: 33%
Magic:  5/5        EV: 12    Int: 13    God:
Gold:   37         SH:  0    Dex: 20    Spells: 2/2 levels left

rFire   . . .        Y - +2 shortbow
rCold   . . .        (shield currently unavailable)
rNeg    . . .        c - +0 leather armour
rPois   .            (no helmet)
rElec   .            (no cloak)
rCorr   +            (no gloves)
SInv    .            e - +2 pair of boots
Will    .....        (no amulet)
Stlth   ++           f - ring of resist corrosion
HPRegen 0.23/turn    i - +6 ring of strength
MPRegen 0.09/turn

%: no passive effects
@: no status effects
A: no striking features
a: no special abilities


You were on level 2 of the Dungeon.
You visited 1 branch of the dungeon, and saw 2 of its levels.

You collected 37 gold pieces.


   Skills:
 - Level 1.5 Fighting
 + Level 6.9 Ranged Weapons
 - Level 2.4 Dodging
 - Level 1.2 Stealth


You had 2 spell levels left.
You didn't know any spells.
Your spell library was empty.

Inventory:

Hand Weapons
 Y - a +2 shortbow (weapon)
Armour
 c - a +0 leather armour (worn)
 d - a +0 ring mail
 e - a +2 pair of boots (worn)
Jewellery
 f - a ring of resist corrosion (left hand)
 i - a +6 ring of strength (right hand)
Scrolls
 a - a scroll of identify
 h - a scroll of fear {unknown}
Potions
 b - a potion of heal wounds {unknown}
 g - a potion of curing

Dungeon Overview and Level Annotations

Branches:
Dungeon (2/15)

Altars:

Annotations:
D:2 Terence


Message History

Enter note:
Enter note:
Enter note: You open the door.
There is an open door here.
Terence the Incautious comes into view.
He is wielding a +4 mace of protection.
Enter note:
Enter note:
Enter note:
Enter note: You shoot an arrow.
The arrow hits Terence but does no damage.
Terence shouts!
You shoot an arrow.
The arrow hits Terence but does no damage.
You shoot an arrow. The arrow hits Terence.
Terence is lightly wounded.
You shoot an arrow. The arrow barely misses Terence.
A hobgoblin comes into view.
You shoot an arrow. The arrow hits the hobgoblin.
You kill the hobgoblin!
You shoot an arrow. The arrow hits Terence.
Terence is moderately wounded.
You shoot an arrow.
The arrow hits Terence but does no damage.
Terence is moderately wounded.
Terence hits you with a +4 mace of protection.
You shoot an arrow.
The arrow hits Terence but does no damage.
Terence is moderately wounded.
Terence hits you with a +4 mace of protection!
You shoot an arrow.
The arrow hits Terence but does no damage.
Terence is moderately wounded.
Terence hits you with a +4 mace of protection.
You shoot an arrow.
The arrow hits Terence but does no damage.
Terence is moderately wounded.
Terence hits you with a +4 mace of protection!
You die...

#.....# #.....#
#'##'## ...#.# ...#.#
...#.# # #'##.#
.####. #.##.#
#########>.....
#.##.# #...#..@@..#
#'##+#####...#......#
.............'......+
......########......#
......# #...........#
..##'## #...........#
..##.# #.....#######
..##.# #.....#
..##.####.....#


You could see Terence.

Vanquished Creatures
  2 adders (D:2)
  An endoplasm (D:2)
  A giant cockroach (D:2)
  A hobgoblin (D:2)
  A quokka (D:1)
  3 ball pythons (D:2)
  A bat (D:1)
  4 frilled lizards
  5 goblins
  4 kobolds
  2 rats (D:1)
25 creatures vanquished.

Notes
Turn   | Place    | Note
-------+----------+-------------------------------------------
     0 | D:1      | qw the Deep Elf Hunter began the quest for the Orb.
     0 | D:1      | Reached XP level 1. HP: 12/12 MP: 3/3
     0 | D:1      | 0 ||| qw: Version: 0.3-a-9-g12657ce
     0 | D:1      | 0 ||| qw: Game counter: 1947
     0 | D:1      | 0 ||| qw: Always use a shield: true
     0 | D:1      | 0 ||| qw: God list: Okawaru
     0 | D:1      | 0 ||| qw: Allow faded altars: false
     0 | D:1      | 0 ||| qw: Do Orc after D:15 true
     0 | D:1      | 0 ||| qw: Do second Lair branch before Depths: true
     0 | D:1      | 0 ||| qw: Lair rune preference: random
     0 | D:1      | 0 ||| qw: Plans: Normal
     0 | D:1      | 0 ||| PLANNING D:1-11
   161 | D:1      | Found a faded altar of an unknown god.
   424 | D:1      | Reached XP level 2. HP: 15/16 MP: 4/4
   483 | D:1      | Reached skill level 6 in Ranged Weapons
   812 | D:1      | 812 ||| UPGRADING to +2 pair of boots.
   817 | D:1      | 817 ||| UPGRADING to ring of resist corrosion.
   818 | D:1      | 818 ||| UPGRADING to +6 ring of strength.
   819 | D:1      | 819 ||| READING 4 scrolls labelled USOUTT ZAUH.
   820 | D:1      | 820 ||| READING scroll labelled KUORCH UDGHOXZO.
   821 | D:1      | 821 ||| FLEEEEING.
   828 | D:1      | 828 ||| DROPPING scroll of butterflies.
   929 | D:1      | 929 ||| Stepping ~*~*~tactically~*~*~ (water).
  1088 | D:1      | 1088 ||| READING scroll labelled NOSTRIQYACA.
  1089 | D:1      | 1089 ||| READING 3 scrolls of identify.
  1089 | D:1      | 1089 ||| IDENTIFYING orange potion
  1090 | D:1      | 1090 ||| READING 2 scrolls of identify.
  1090 | D:1      | 1090 ||| IDENTIFYING clear potion
  1091 | D:1      | 1091 ||| DROPPING potion of lignification.
  1119 | D:2      | 1119 ||| READING scroll of enchant weapon.
  1119 | D:2      | 1119 ||| ENCHANTING +1 shortbow.
  1181 | D:2      | Reached XP level 3. HP: 17/20 MP: 5/5
  1279 | D:2      | Noticed Terence
  1288 | D:2      | HP: 4/20 [Terence/+4 mace of protection (6)]
  1289 | D:2      | Slain by Terence

Levels and vault maps discovered:
D:1:      amcnicky_arrival_gap_in_the_tavern_cellar, layout_basic,
          chequers_ecumenical_altar_twisty, chequers_big_river
D:2:      layout_basic, uniq_terence

Skill      XL: |  1  2 |
---------------+-------+-----
Ranged Weapons | 6 |  6.9
Fighting       | |  1.5
Dodging        | |  2.4
Stealth        | |  1.2

Action                     || total
---------------------------++-------
   Fire: Shortbow          ||    73
    Use: Scroll            ||     6
 Armour: Leather armour    ||     5
  Dodge: Dodged            ||    10

Table legend:
 A = Non-vault XP
 B = Vault XP
 C = Vault XP percentage of total XP
 D = Non-vault monster count
 E = Vault monster count
 F = Vault count percentage of total count
                 A         B        C        D         E       F
            +---------+---------+-------+---------+---------+-------
      Total |      60 |       0 |   0.0 |      25 |       0 |   0.0
            +---------+---------+-------+---------+---------+-------
        D:1 |      17 |       0 |   0.0 |      13 |       0 |   0.0
        D:2 |      43 |       0 |   0.0 |      12 |       0 |   0.0
            +---------+---------+-------+---------+---------+-------
